[Event "*** Titled Tuesday Blitz"]
[Site "Chess.com"]
[Date "2020.02.04"]
[Round "4"]
[White "Rud_Makarian"]
[Black "Sanan_Sjugirov"]
[Result "1/2-1/2"]
[WhiteElo "2612"]
[BlackElo "2834"]
[TimeControl "180+2"]
[EndTime "9:55:49 PST"]
[Termination "Game drawn by stalemate"]

1. Nf3 d5 2. d4 Nf6 3. c4 e6 4.
Nc3 Bb4 5. Qb3 a5 6. cxd5 exd5 7. Bg5 c6 8. e3 Nbd7 9. Bd3 h6 10. Bh4 O-O 11. O-O Re8 12. Qc2 Be7 13. h3 Ne4 14.
Bxe7 Qxe7 15. Rac1 Ndf6 16. Ne5 Nd6 17. Na4 Nfe4 18.
Nc5 Bf5 19. Nxe4 Bxe4 20. Qc5 Bxd3 21. Nxd3 a4 22. Rfe1 f6 23. Nf4 Nc4 24. Qxe7 Rxe7 25. Nd3 Ree8 26. Rc2 Kf7 27. b3 axb3 28. axb3 Nd6 29.
Rb1 Ra3 30. Nc5 Rea8 31. Rbb2 Ra1+ 32. Kh2 g5 33. g4 h5 34. Kg2 hxg4 35. hxg4 Kg6 36.
Nd3 Rd1 37. Rd2 Rda1 38. Nc5 f5 39. gxf5+ Kxf5 40. Kf3 Re1 41. Re2 Rg1 42. Rec2 Raa1 43. Ke2 Rad1 44. Rd2 Rge1+ 45. Kd3 Rc1 46. Re2 Rf1 47.
Rec2 Rcd1+ 48. Rd2 Rxf2 49. Rxd1 Rxb2 50. Rf1+ Kg6 51.
Rf8 b6 52. Nd7 Rxb3+ 53. Ke2 Ne4 54. Ne5+ Kg7 55. Rf7+ Kh6 56. Rc7 Rb2+ 57. Kf3 c5 58. Ng4+ Kg6 59. Ne5+ Kf6 60. Rc6+ Ke7 61. Ng6+ Kd8 62.
Ne5 Rf2+ 63. Kg4 cxd4 64. exd4 b5 65. Rb6 Rb2 66. Kf5 Kc7 67. Rc6+ Kb7 68. Ke6 g4 69. Kxd5 Re2 70. Nd7 g3 71. Rg6 b4 72. Nc5+ Nxc5 73. dxc5 g2 74. Kc4 Rb2 75. Rg7+ Kc6 76. Rg6+ Kc7 77.
Kb5 b3 78. Rg7+ Kd8 79. Kb4 Ke8 80. Kc3 Rf2 81. Kxb3 Kd8 82. Kc4 Kc8 83. Kb5 Rf6 84. Rxg2 Kc7 85. Rg7+ Kc8 86. Rg3 Rh6 87. Kc4 Rf6 88. Rd3 Rh6 89. Rd6 Rxd6 90. cxd6 Kd7 91. Kd5 Kd8 92. Kc6 Kc8 93. d7+ Kd8 94. Kd6 1/2-1/2

[Event "*** Titled Tuesday Blitz"]
[Site "Chess.com"]
[Date "2020.02.04"]
[Round "4"]
[White "obliviate12"]
[Black "Lubov_Gordyk"]
[Result "1/2-1/2"]
[WhiteElo "2869"]
[BlackElo "2631"]
[TimeControl "180+2"]
[EndTime "9:58:01 PST"]
[Termination "Game drawn by 50-move rule"]

1. e4 g6 2. d4 Bg7 3. Nc3 d6 4. Be3 a6 5. Nf3 b5 6. Qd2 Nd7 7. h4 h5 8. Ng5 Ngf6 9. f3 Bb7 10.
O-O-O e6 11. Kb1 Qe7 12. Qf2 O-O 13. Ne2 Rfd8 14. Nf4 e5 15. dxe5 dxe5 16. Nfh3 c5 17. Be2 Rac8 18. Rd2 c4 19. c3 Nf8 20. Rhd1 Rxd2 21. Rxd2 Rd8 22. Bc5 Qe8 23. Bf1 N6d7 24. Bd6 f6 25. Qa7 Bc8 26. Bc7 fxg5 27. Nxg5 Qe7 28. Bxd8 Qxd8 29. a4 Qb6 30. Qa8 Qb7 31.
Qxb7 Bxb7 32. Rd6 Bf6 33. axb5 axb5 34. b3 Be7 35. Rd2 Nb6 36. bxc4 Nxc4 37. Ra2 Bxg5 38.
hxg5 Ne6 39. Ra7 Bc6 40. Bxc4 bxc4 41. Ra6 Nd8 42. Kb2 Kf7 43. Ka3 Bd7 44. Kb4 Ne6 45. Ra7 Ke7 46. Kxc4 Nf4 47. g3 Ne2 48. Kd5 Nxg3 49.
Kxe5 h4 50. f4 h3 51. Ra2 Bg4 52. Ra7+ Kd8 53. Rh7 Nh5 54. Ra7 h2 55. Ra1 Bf3 56.
f5 gxf5 57. exf5 h1=Q 58. Rxh1 Bxh1 59. g6 Ke7 60. c4 Bg2 61. c5 Nf6 62. Kf4 Nd7 63.
Kg5 Nxc5 64. Kh6 Nd7 65. Kg7 Nf6 66. Kh8 Bd5 67. Kg7 Be4 68. Kh8 Bxf5 69. g7 Be6 70. g8=Q Bxg8 71. Kg7 Bf7 72. Kh6 Kf8 73. Kg5 Kg7 74. Kf5 Be8 75. Ke6 Kg6 76. Ke5 Bd7 77. Kd4 Kf7 78. Ke5 Ke7 79. Kd4 Kd6 80. Kc4 Nd5 81. Kd4 Bb5 82. Ke4 Bc4 83. Kd4 Nb6 84.
Ke4 Be6 85. Kd4 Bf5 86. Kc3 Kc5 87. Kb3 Be4 88. Kc3 Bd5 89. Kd3 Kd6 90. Kd4 Na4 91.
Kd3 Ke5 92. Kc2 Bc4 93. Kd2 Kd4 94. Kc2 Ba2 95. Kd2 Bb3 96. Ke2 Ke4 97. Kd2 Bc4 98. Kc2 Kd4 99. Kb1 Kc3 100. Ka1 Bb3 101. Kb1 Nb6 102. Ka1 Nc4 103. Kb1 Na3+ 104. Ka1 Nc2+ 105. Kb1 Bc4 106. Kc1 Na3 107. Kd1 Bd3 108. Kc1 Nc4 109. Kd1 Kd4 110. Kc1 Ke3 111. Kd1 Nd2 112. Kc1 Nc4 113. Kd1 Be4 114. Kc1 Kd3 115. Kb1 Kc3+ 116. Ka2 Bd5 117. Ka1 Kb3 118. Kb1 Na3+ 119. Ka1 Nc2+ 120. Kb1 Kc3 1/2-1/2

[Event "*** Titled Tuesday Blitz"]
[Site "Chess.com"]
[Date "2020.02.04"]
[Round "4"]
[White "GMKrikor"]
[Black "Coiote53"]
[Result "1/2-1/2"]
[WhiteElo "2836"]
[BlackElo "2615"]
[TimeControl "180+2"]
[EndTime "9:58:24 PST"]
[Termination "Game drawn by agreement"]

1. Nf3 d5 2. c4 e6 3. g3 Nf6 4. Bg2 Be7 5. d4 dxc4 6. Qa4+ Nbd7 7.
Qxc4 O-O 8. Bf4 c5 9. O-O a6 10.
Qc1 cxd4 11. Rd1 Nd5 12. Nxd4 Nxf4 13. gxf4 Qa5 14. Nc3 Nf6 15. e3 e5 16. Nb3 Qc7 17.
Ne2 Qb8 18. Qc3 exf4 19. Nxf4 Bd6 20. Qc4 b5 21. Qc6 Bxf4 22. Qxa8 Bxh2+ 23. Kf1 Qe5 24.
Qc6 Bg4 25. Rd4 Be6 26. Rc1 Qh5 27. Qf3 Bg4 28. Qb7 Be5 29. Rd2 Be6 30. Qc6 Bc4+ 31. Rxc4 bxc4 32. Qxc4 a5 33. Nc5 h6 34. Nd3 Bd6 35. a3 Rb8 36. Ne1 Bf8 37. Nf3 Qf5 38.
Qc2 Qe6 39. Nd4 Qa6+ 40. Kg1 Qb6 41. Nc6 Re8 42. Nd4 Qb8 43. Qf5 Re5 44. Qf3 Qd6 45. Rc2 Rc5 46. Nf5 Qc7 47. Rxc5 Qxc5 48. Nxh6+ gxh6 49. Qxf6 Qc1+ 50. Bf1 Bg7 51. Qd8+ Bf8 52. b4 axb4 53.
axb4 Qb2 54. b5 Qg7+ 55. Bg2 Qa1+ 56. Bf1 Qg7+ 57. Kh1 Qg5 58. Qxg5+ hxg5 59. b6 Bd6 60. Bh3 Kf8 61. Kg2 Ke7 62. Kf3 Bb8 63. b7 f6 64.
Ke4 Kd6 65. Bg4 Bc7 66. Kf5 Ke7 67. Bf3 Bb8 68. Bd5 Bc7 69. Be6 Bb8 70. Bc8 Bc7 71.
Ke4 Kd6 72. Kd4 Bb8 73. Kc4 Kc6 74. Kb4 Kb6 75. Kc4 Kc6 76. Kd3 Kd6 77. Bh3 Bc7 78.
Ke4 Bb8 79. Bg2 Bc7 80. Kf5 Ke7 81. Bf3 Bb8 82. Bh1 Bc7 83. Bd5 Bb8 84. f3 Bc7 85. Be4 Bb8 86. Bc6 Bc7 87. Bb5 Bb8 88. Bd3 Bc7 89. Ke4 Kd6 90. Bc4 Bb8 91. Kf5 Ke7 92. Bd5 Bc7 93. Kg6 Bb8 94. Be4 Bc7 95. Bf5 Bb8 96.
Kh5 Bc7 97. Bc8 Bb8 98. Kg4 Bc7 99. Kf5 Bb8 100. Be6 Bc7 101. Bd5 Bb8 102. Bc4 Bc7 103. Ba6 Bb8 104. Ke4 Bc7 105. Kd5 Bb8 106. Kc6 Be5 107. Bd3 Bb8 108. Bf5 Be5 109. Bg4 Bb8 110. Kb6 Kd6 111. Bf5 Ke7 112. Kc6 Be5 113. Kd5 Bb8 114. Ke4 Kd6 115. Bg4 Bc7 116. Kf5 Ke7 117. f4 gxf4 118. exf4 Bb8 119. Ke4 Bc7 120. Bc8 Kd8 121. f5 Be5 122. Kd5 Kc7 123. Ke6 Kb8 1/2-1/2

[Event "*** Titled Tuesday Blitz"]
[Site "Chess.com"]
[Date "2020.02.04"]
[Round "5"]
[White "Coiote53"]
[Black "Raspadsistema"]
[Result "0-1"]
[WhiteElo "2611"]
[BlackElo "2816"]
[TimeControl "180+2"]
[EndTime "10:00:11 PST"]
[Termination "Raspadsistema won by resignation"]

1. e4 d6 2. d4 Nf6 3. Nc3 e5 4. Nf3 Nbd7 5. Bc4 Be7 6. a4 O-O 7. O-O c6 8. a5 h6 9. h3 Re8 10. Re1 Qc7 11. Be3 exd4 12. Nxd4 Bf8 13. Bb3 Nxe4 14.
Nxe4 Rxe4 15. Bxf7+ Kxf7 0-1

[Event "*** Titled Tuesday Blitz"]
[Site "Chess.com"]
[Date "2020.02.04"]
[Round "5"]
[White "wild_cat99"]
[Black "Azatic"]
[Result "0-1"]
[WhiteElo "2449"]
[BlackElo "2647"]
[TimeControl "180+2"]
[EndTime "10:00:49 PST"]
[Termination "Azatic won by resignation"]

1. Nf3 c5 2. e4 e6 3. d4 cxd4 4. Nxd4 a6 5. c4 Qc7 6. Be3 Nf6 7. f3 d5 8. cxd5 exd5 9. Bd3 dxe4 10. fxe4 Bc5 11.
O-O Ng4 12. Bf4 Bxd4+ 13. Kh1 Qb6 0-1

[Event "*** Titled Tuesday Blitz"]
[Site "Chess.com"]
[Date "2020.02.04"]
[Round "5"]
[White "Me_ch_an"]
[Black "riconaipe"]
[Result "0-1"]
[WhiteElo "2344"]
[BlackElo "2535"]
[TimeControl "180+2"]
[EndTime "10:01:30 PST"]
[Termination "riconaipe won by resignation"]

1. e4 g6 2. Nc3 Bg7 3. g3 e5 4.
d3 Ne7 5. Be3 O-O 6. Qd2 d5 7.
exd5 Nxd5 8. Bg2 Nxe3 9. fxe3 c6 10. Nf3 Bg4 11. O-O Nd7 12. h3 Bxf3 13. Rxf3 f5 14. Raf1 Nf6 15. e4 fxe4 16. Rxf6 Rxf6 17. Rxf6 Bxf6 18.
Nxe4 Kg7 19. Qb4 Qd4+ 20. Qxd4 exd4 21. Nc5 Rb8 22. h4 Be7 23. Nd7 Rd8 24. Ne5 Bd6 0-1

[Event "*** Titled Tuesday Blitz"]
[Site "Chess.com"]
[Date "2020.02.04"]
[Round "5"]
[White "czasnaszachy"]
[Black "Haykoooo0o"]
[Result "0-1"]
[WhiteElo "2301"]
[BlackElo "2518"]
[TimeControl "180+2"]
[EndTime "10:01:30 PST"]
[Termination "Haykoooo0o won by resignation"]

1. d4 Nf6 2. c4 c5 3. d5 b5 4.
Qc2 bxc4 5. e3 e6 6. dxe6 fxe6 7. Bxc4 d5 8. Bb5+ Bd7 9. Bxd7+ Nbxd7 10. Nf3 Bd6 11. O-O O-O 12. b3 Ne5 13. Nbd2 Nfg4 14. h3 Nxf3+ 15. Nxf3 Rxf3 16. hxg4 Qh4 17. Rd1 Qh2+ 18.
Kf1 Qh1+ 19. Ke2 Qxg2 20. Rf1 Raf8 21. Ke1 Bg3 22. Qe2 Rxf2 0-1

[Event "*** Titled Tuesday Blitz"]
[Site "Chess.com"]
[Date "2020.02.04"]
[Round "5"]
[White "Andro2"]
[Black "BeanScreen"]
[Result "1-0"]
[WhiteElo "2433"]
[BlackElo "2551"]
[TimeControl "180+2"]
[EndTime "10:02:02 PST"]
[Termination "Andro2 won by resignation"]

1. e4 e5 2. Nf3 Nc6 3. Bc4 Nf6 4. Ng5 d5 5. exd5 Na5 6. Bb5+ c6 7. dxc6 bxc6 8. Bd3 Be7 9. O-O h6 10. Ne4 Nxe4 11.
Bxe4 f5 12. Qh5+ Kf8 13. Bxf5 Ba6 14. d3 Qd6 15. Nc3 Nb7 16. Ne4 Qd8 17. Be6 Qe8 18.
Qf5+ Bf6 19. Nxf6 g6 20. Qxe5 Qe7 21. Nd7+ 1-0

[Event "*** Titled Tuesday Blitz"]
[Site "Chess.com"]
[Date "2020.02.04"]
[Round "5"]
[White "Funkmaus"]
[Black "GelmanAlexander"]
[Result "1/2-1/2"]
[WhiteElo "2179"]
[BlackElo "2451"]
[TimeControl "180+2"]
[EndTime "10:02:27 PST"]
[Termination "Game drawn by repetition"]

1. d4 Nf6 2. Nf3 c5 3. c3 b6 4. Bf4 Bb7 5. e3 d6 6. Bd3 Nbd7 7. Nbd2 Qc7 8. Bg3 Rc8 9. O-O Nh5 10. dxc5 Nxc5 11. Bb5+ Bc6 12. Bxc6+ Qxc6 13. Nd4 Qd5 14. e4 Qg5 15. f4 Qh6 16. Nf5 Qg6 17. Nh4 Qh6 18. Nf5 Qg6 19. Nh4 Qh6 20. Nf5 1/2-1/2

[Event "*** Titled Tuesday Blitz"]
[Site "Chess.com"]
[Date "2020.02.04"]
[Round "5"]
[White "kinga2008"]
[Black "manmanlai1"]
[Result "1-0"]
[WhiteElo "1956"]
[BlackElo "2269"]
[TimeControl "180+2"]
[EndTime "10:02:27 PST"]
[Termination "kinga2008 won by resignation"]

1. e4 c6 2. d4 d5 3. e5 Bf5 4. Nc3 Qc7 5. h4 a6 6. Be3 Nh6 7. Bd3 Bxd3 8. cxd3 Nf5 9. Qf3 e6 10. g4 Ne7 11. Nh3 Nd7 12. Ng5 f6 13. Nxe6 Qb6 14.
Bd2 h6 15. Na4 Qb5 16. Nc7+ 1-0

[Event "*** Titled Tuesday Blitz"]
[Site "Chess.com"]
[Date "2020.02.04"]
[Round "5"]
[White "Irishchessman16"]
[Black "bazar-wokzal"]
[Result "0-1"]
[WhiteElo "2231"]
[BlackElo "2540"]
[TimeControl "180+2"]
[EndTime "10:02:28 PST"]
[Termination "bazar-wokzal won by resignation"]

1. e4 c5 2. Nf3 d6 3. d4 cxd4 4. Nxd4 Nf6 5. Nc3 g6 6. g3 Bg7 7. Bg2 O-O 8. O-O Nc6 9. Nb3 Be6 10. Bg5 h6 11. Bf4 a5 12. a3 a4 13. Nc1 Qc8 14. Re1 Rd8 15. Nd5 Bxd5 16. exd5 Ne5 17. Bxe5 dxe5 18.
Rxe5 Ng4 19. Re4 Bxb2 20. Rb1 Bxc1 21. Rxc1 Nf6 22. Rxe7 Qc5 23. Qf3 Qxe7 0-1

[Event "*** Titled Tuesday Blitz"]
[Site "Chess.com"]
[Date "2020.02.04"]
[Round "5"]
[White "Tayson_7"]
[Black "hongnhung1234"]
[Result "1-0"]
[WhiteElo "2655"]
[BlackElo "2278"]
[TimeControl "180+2"]
[EndTime "10:02:45 PST"]
[Termination "Tayson_7 won by resignation"]

1. e4 c6 2. Nf3 d5 3. exd5 cxd5 4. Ne5 Qc7 5. d4 Nf6 6. Bb5+ Nc6 7. O-O e6 8. c3 Be7 9. Bf4 Bd6 10. h3 O-O 11.
Re1 Ne4 12. Bxc6 bxc6 13. Bh2 c5 14. Nd2 cxd4 15. Nxe4 Bxe5 16. Bxe5 Qxe5 17. Nc5 Qd6 18. cxd4 Rb8 19. b3 Bd7 20. Rc1 Rfc8 21. Qd2 h6 22. Qa5 Rc7 23. Ne4 Rxc1 24. Nxd6 Rxe1+ 25. Qxe1 1-0

[Event "*** Titled Tuesday Blitz"]
[Site "Chess.com"]
[Date "2020.02.04"]
[Round "5"]
[White "Nathan_Filgueiras"]
[Black "AlexanderKing"]
[Result "1-0"]
[WhiteElo "2293"]
[BlackElo "2502"]
[TimeControl "180+2"]
[EndTime "10:02:51 PST"]
[Termination "Nathan_Filgueiras won on time"]

1. e4 e5 2. Nf3 Nc6 3. Bc4 Nf6 4. d3 Be7 5. O-O O-O 6. Re1 d6 7. c3 Na5 8. Bb5 a6 9. Ba4 b5 10. Bc2 c5 11. h3 Nc6 12. Nbd2 Re8 13. Nf1 h6 14. Ng3 Bf8 15. d4 1-0

[Event "*** Titled Tuesday Blitz"]
[Site "Chess.com"]
[Date "2020.02.04"]
[Round "5"]
[White "tarantul1"]
[Black "Abund"]
[Result "0-1"]
[WhiteElo "2604"]
[BlackElo "2759"]
[TimeControl "180+2"]
[EndTime "10:03:30 PST"]
[Termination "Abund won by resignation"]

1. e4 c5 2. Nf3 Nc6 3. d4 cxd4 4. Nxd4 Nf6 5. Nc3 e5 6. Nde2 Bc5 7. Ng3 Bb4 8. Qd3 d5 9. Bd2 d4 10. Nd1 O-O 11.
Be2 Qa5 12. a3 Be6 13. axb4 Qxa1 14. O-O Qa4 15. Qb5 Qxc2 0-1

[Event "*** Titled Tuesday Blitz"]
[Site "Chess.com"]
[Date "2020.02.04"]
[Round "5"]
[White "dabee"]
[Black "inegrepus"]
[Result "1-0"]
[WhiteElo "2580"]
[BlackElo "2262"]
[TimeControl "180+2"]
[EndTime "10:03:52 PST"]
[Termination "dabee won by resignation"]

1. d4 Nf6 2. Bg5 e6 3. e4 h6 4. Bxf6 Qxf6 5. Qd2 c5 6. e5 Qd8 7. d5 exd5 8. Qxd5 d6 9. Bb5+ Bd7 10. Qxb7 Bxb5 11.
Qxb5+ Qd7 12. Qxd7+ Nxd7 13. exd6 Bxd6 14. Nd2 O-O 15.
O-O-O Nb6 16. Ngf3 Bf4 17. g3 Bg5 18. Nxg5 hxg5 19. Ne4 Rfe8 20. Rhe1 c4 21. Nxg5 g6 22.
Ne4 Kg7 23. h4 Re6 24. Ng5 Rf6 25. f4 Rb8 26. b3 cxb3 27. axb3 Rc6 28. Re7 Rbc8 29.
Rxf7+ Kg8 30. Rd2 Nd5 31. Rxd5 Rxc2+ 32. Kd1 Rc1+ 33. Ke2 R8c2+ 34. Kf3 Rc3+ 35. Kg4 1-0

[Event "*** Titled Tuesday Blitz"]
[Site "Chess.com"]
[Date "2020.02.04"]
[Round "5"]
[White "Everyfishknows"]
[Black "masrahi"]
[Result "0-1"]
[WhiteElo "2310"]
[BlackElo "2121"]
[TimeControl "180+2"]
[EndTime "10:03:56 PST"]
[Termination "masrahi won by checkmate"]

1. Nf3 c5 2. c4 e6 3. g3 g6 4. Bg2 Bg7 5. O-O Ne7 6. Nc3 Nbc6 7. e3 O-O 8. d4 cxd4 9. exd4 d5 10. cxd5 Nxd5 11. Nxd5 Qxd5 12. Be3 Qd8 13. Qd2 Ne7 14. Rfd1 Re8 15. Rac1 Nd5 16. Ne5 b6 17. Bh6 Bxe5 18. dxe5 Bb7 19. Bg5 Qd7 20. Bxd5 Qxd5 21. Qf4 Qg2# 0-1

[Event "*** Titled Tuesday Blitz"]
[Site "Chess.com"]
[Date "2020.02.04"]
[Round "5"]
[White "Zarikovs1999"]
[Black "SergioGarciaFuentes"]
[Result "1-0"]
[WhiteElo "2353"]
[BlackElo "2163"]
[TimeControl "180+2"]
[EndTime "10:03:57 PST"]
[Termination "Zarikovs1999 won by resignation"]

1. c4 c6 2. Nf3 d5 3. e3 Nf6 4. b3 g6 5. Bb2 Bg7 6. Nc3 O-O 7. d4 Bf5 8. Bd3 Bxd3 9. Qxd3 c5 10. dxc5 dxc4 11. Qxc4 Nc6 12. O-O Rc8 13. Rad1 Qa5 14.
a3 Rfd8 15. b4 Qc7 16. h3 b6 17. cxb6 Qxb6 18. Qb3 e6 19. Na4 Qb8 20. Nc5 Rxd1 21.
Rxd1 Na5 22. bxa5 1-0

[Event "*** Titled Tuesday Blitz"]
[Site "Chess.com"]
[Date "2020.02.04"]
[Round "5"]
[White "GMHess"]
[Black "Indianlad"]
[Result "0-1"]
[WhiteElo "2769"]
[BlackElo "2909"]
[TimeControl "180+2"]
[EndTime "10:04:14 PST"]
[Termination "Indianlad won by resignation"]

1. d4 Nf6 2. c4 g6 3. Nc3 d5 4.
Bf4 Bg7 5. e3 c5 6. dxc5 Qa5 7.
Qa4+ Qxa4 8. Nxa4 Bd7 9. Nc3 Ne4 10. Nxe4 dxe4 11. O-O-O Na6 12. Bg3 Nxc5 13. Kb1 O-O-O 14. Rd5 Bc6 15. Rxc5 Rd1+ 16. Kc2 Rhd8 17. Rd5 Rxf1 18.
Rxd8+ Kxd8 19. h4 h5 20. b3 a5 21. a4 f5 22. Kd2 e5 23. Ke2 Rb1 24. Nh3 Rxh1 0-1

[Event "*** Titled Tuesday Blitz"]
[Site "Chess.com"]
[Date "2020.02.04"]
[Round "5"]
[White "Manukyan_Artak"]
[Black "HarryCun"]
[Result "1/2-1/2"]
[WhiteElo "2326"]
[BlackElo "2123"]
[TimeControl "180+2"]
[EndTime "10:04:27 PST"]
[Termination "Game drawn by repetition"]

1. d4 c6 2. e4 d5 3. e5 Bf5 4.
c4 e6 5. Nc3 Nd7 6. Nf3 Ne7 7.
Nh4 Bg6 8. Bg5 dxc4 9. Bxc4 Qb6 10. Bb3 Nd5 11. Nxg6 hxg6 12. O-O Be7 13. Nxd5 cxd5 14. Bxe7 Kxe7 15. Qd2 Rhc8 16. Rfd1 Kf8 17. Qg5 Qd8 18. Qg4 Nb6 19. Rac1 Nc4 20. Qe2 b5 21. g3 a6 22.
h4 Na5 23. Bc2 Nc4 24. Bd3 Nb6 25. Kg2 Rxc1 26. Rxc1 Rc8 27. Rh1 Kg8 28. h5 g5 29.
h6 g6 30. h7+ Kh8 31. Qf3 Qe7 32. Qe3 Kg7 33. Qd2 Rh8 34. Qa5 Qb7 35. Qd2 Qe7 36. Qa5 Qb7 37. Qd2 Qe7 1/2-1/2

[Event "*** Titled Tuesday Blitz"]
[Site "Chess.com"]
[Date "2020.02.04"]
[Round "5"]
[White "MisiekZielony"]
[Black "saraswathii"]
[Result "1-0"]
[WhiteElo "2341"]
[BlackElo "2158"]
[TimeControl "180+2"]
[EndTime "10:04:30 PST"]
[Termination "MisiekZielony won by resignation"]

1. c4 Nc6 2. Nc3 e5 3. g3 Nf6 4. Bg2 Bc5 5. e3 d6 6. Nge2 O-O 7. O-O Bg4 8. h3 Bh5 9. d3 Qd7 10. a3 a5 11. Rb1 Rfe8 12. Ne4 Nxe4 13. dxe4 Ne7 14. Qc2 c6 15. Nc3 b5 16. cxb5 cxb5 17. b4 axb4 18. axb4 Bb6 19. Qd3 Rec8 20. Nxb5 Rc6 21.
Bd2 Ra2 22. Ra1 Rcc2 23. Rxa2 Rxa2 24. Nc3 Rb2 25. Rb1 Rxb1+ 26. Qxb1 Bg6 27. Qb3 Kf8 28.
b5 Ba5 29. Nb1 Bxd2 30. Nxd2 Qc7 31. b6 Qb8 32. Nc4 Nc6 33. Qb5 Nd8 34. Qa6 Ke7 35. Qa7+ Qb7 36. Na5 Qd7 37. b7 1-0

[Event "*** Titled Tuesday Blitz"]
[Site "Chess.com"]
[Date "2020.02.04"]
[Round "5"]
[White "RoelandPruijssers"]
[Black "Korchmar_Vasiliy"]
[Result "1/2-1/2"]
[WhiteElo "2616"]
[BlackElo "2824"]
[TimeControl "180+2"]
[EndTime "10:04:36 PST"]
[Termination "Game drawn by repetition"]

1. e4 c5 2. Nf3 d6 3. d4 cxd4 4.
Nxd4 Nf6 5. Nc3 Nc6 6. f3 e5 7. Nb3 Be7 8. Be3 O-O 9. Qd2 Be6 10.
Nd5 a5 11. Bb6 Qd7 12. Bb5 a4 13. Nc1 a3 14. b3 Bd8 15. Be3 Ba5 16. b4 Bxd5 17.
exd5 Bxb4 18. c3 Ba5 19. O-O Qc7 20. dxc6 bxc6 21. Bc4 d5 22. Bd3 d4 23. Bg5 Bxc3 24.
Qf2 Bxa1 25. Bxf6 gxf6 26. Qg3+ Kh8 27. Qh4 f5 28. Qf6+ Kg8 29. Qg5+ Kh8 30. Qf6+ Kg8 31. Qg5+ Kh8 32. Qf6+ 1/2-1/2

[Event "*** Titled Tuesday Blitz"]
[Site "Chess.com"]
[Date "2020.02.04"]
[Round "5"]
[White "crescentmoon2411"]
[Black "SantoBlue"]
[Result "1-0"]
[WhiteElo "3042"]
[BlackElo "2838"]
[TimeControl "180+2"]
[EndTime "10:04:37 PST"]
[Termination "crescentmoon2411 won by resignation"]

1. d4 Nf6 2. Nf3 d5 3. Bf4 e6 4. e3 Be7 5. c4 Nbd7 6. Nc3 O-O 7.
Be2 dxc4 8. Bxc4 c5 9. O-O cxd4 10. Qxd4 Nb6 11. Bb3 Qxd4 12. Nxd4 Bd7 13. Rfd1 Nbd5 14. Nxd5 Nxd5 15. Nf5 Bf6 16. Bxd5 exd5 17. Nd4 Rac8 18. Bd6 Rfd8 19. Bb4 Rc4 20. Bc3 Bxd4 21. Rxd4 Rxd4 22. Bxd4 b6 23. a4 Rc8 24. f3 h5 25. h4 Rc4 26.
a5 Rb4 27. axb6 axb6 28. Ra7 Be6 29. Rb7 b5 30. Bc3 Rxh4 31. Bd4 g5 32. Rxb5 Kh7 33.
Rb8 Kg6 34. b4 g4 35. b5 gxf3 36. gxf3 Rh3 37. Kg2 h4 38. Rg8+ Kh7 39. Rg7+ Kh6 40. b6 1-0

[Event "*** Titled Tuesday Blitz"]
[Site "Chess.com"]
[Date "2020.02.04"]
[Round "5"]
[White "cancrushyou"]
[Black "Grieve72"]
[Result "0-1"]
[WhiteElo "2481"]
[BlackElo "2333"]
[TimeControl "180+2"]
[EndTime "10:05:06 PST"]
[Termination "Grieve72 won by resignation"]

1. d4 f5 2. c4 Nf6 3. Nc3 d6 4. g3 g6 5. Bg2 Bg7 6. Nh3 O-O 7. d5 Na6 8. Nf4 Nc5 9. h4 Qe8 10. Be3 Nfe4 11. Bd4 Bh6 12. Nxe4 Nxe4 13. Qc2 c5 14. dxc6 e5 15. Nd5 exd4 16. Nc7 Qxc6 17.
Nxa8 Be6 18. O-O Rxa8 19. b3 b5 20. Rfd1 Bg7 21. Rac1 Rc8 22. Qd3 bxc4 23. bxc4 Bxc4 24. Qa3 Qc5 25. Qb2 d3 26. exd3 0-1

[Event "*** Titled Tuesday Blitz"]
[Site "Chess.com"]
[Date "2020.02.04"]
[Round "5"]
[White "Majkelopulos"]
[Black "Bryakin_Mikhail"]
[Result "1-0"]
[WhiteElo "2482"]
[BlackElo "2711"]
[TimeControl "180+2"]
[EndTime "10:05:15 PST"]
[Termination "Majkelopulos won by resignation"]

1. e4 d5 2. exd5 Nf6 3. Nc3 Nxd5 4. g3 Nxc3 5. bxc3 Qd5 6. Qf3 Qxf3 7. Nxf3 b6 8. Bg2 Bb7 9. O-O Nd7 10. Re1 e6 11. d4 Be7 12. Bf4 Bd6 13. Ne5 Bxg2 14. Kxg2 Nxe5 15. Bxe5 Bxe5 16. Rxe5 O-O-O 17. Rae1 Rd6 18. R1e3 Rhd8 19. g4 Rc6 20. g5 Rc4 21. Rh3 Rh8 22. g6 fxg6 23. Rxe6 Ra4 24. Rxg6 Rxa2 25. Rxg7 Rxc2 26.
Rhxh7 Rxh7 27. Rxh7 Rxc3 28. h4 a5 29. h5 a4 30. Rg7 a3 31. h6 a2 32. h7 a1=Q 33.
h8=Q+ Kb7 34. Rg8 Qe1 35. Rb8+ Ka6 36. Ra8+ Kb5 37. Qe5+ Qxe5 38. dxe5 Kc6 39. Rd8 Rc1 40. f4 b5 41. Kf3 b4 42. e6 Re1 43. f5 b3 44. Rb8 Rf1+ 45. Ke4 Rb1 46. Ke5 Re1+ 47. Kf6 Re3 48. e7 Kc5 49. e8=Q Rxe8 50. Rxe8 Kc4 51.
Kg7 c5 52. f6 1-0

[Event "*** Titled Tuesday Blitz"]
[Site "Chess.com"]
[Date "2020.02.04"]
[Round "5"]
[White "mitrabhaa"]
[Black "secretsuperstar7"]
[Result "1-0"]
[WhiteElo "2572"]
[BlackElo "2249"]
[TimeControl "180+2"]
[EndTime "10:05:18 PST"]
[Termination "mitrabhaa won by checkmate"]

1. d4 Nf6 2. c4 e6 3. Nc3 Bb4 4. Qc2 d5 5. Nf3 dxc4 6. e4 b5 7. Bg5 h6 8. Bh4 g5 9. Bg3 Bb7 10. e5 Nd5 11. Be2 a6 12. h4 g4 13. Nd2 Nxc3 14.
bxc3 Be7 15. Bxg4 Bxg2 16. Rg1 Bb7 17. Bh5 Nc6 18. Bf4 Bf8 19. Bxf7+ Kxf7 20. Qg6+ Ke7 21. Qf6+ Kd7 22. Qxh8 Qxh4 23. Qh7+ Be7 24. Ne4 Rf8 25. Nc5+ Kc8 26. Nxe6 Rxf4 27. Rg8+ Kd7 28. Nc5# 1-0

[Event "*** Titled Tuesday Blitz"]
[Site "Chess.com"]
[Date "2020.02.04"]
[Round "5"]
[White "DonPreuss"]
[Black "cottage_cheese"]
[Result "1-0"]
[WhiteElo "2191"]
[BlackElo "2230"]
[TimeControl "180+2"]
[EndTime "10:05:19 PST"]
[Termination "DonPreuss won by resignation"]

1. d4 d5 2. e4 e6 3. Nc3 Bb4 4.
exd5 exd5 5. Bd3 Nc6 6. Ne2 Nge7 7. O-O O-O 8. Ng3 Be6 9. Qh5 g6 10. Qh6 f6 11. Re1 Qd7 12. Be3 Nf5 13. Nxf5 Bxf5 14. Bxf5 Qxf5 15. Rec1 Rfe8 16. Ne2 Bd6 17. Ng3 Qd7 18.
c3 Ne7 19. Re1 Rad8 20. Qh4 Rf8 21. Bh6 Bf4 22. Qxf4 1-0

[Event "*** Titled Tuesday Blitz"]
[Site "Chess.com"]
[Date "2020.02.04"]
[Round "5"]
[White "Kostina_Nadezhda"]
[Black "Hanging_pointer"]
[Result "0-1"]
[WhiteElo "2165"]
[BlackElo "2398"]
[TimeControl "180+2"]
[EndTime "10:05:26 PST"]
[Termination "Hanging_pointer won by resignation"]

1. e4 c6 2. d4 d5 3. Nc3 dxe4 4. Nxe4 Nf6 5. Ng3 Bg4 6. Qd3 e6 7. Bg5 Be7 8. h3 Bh5 9. Bxf6 Bxf6 10. Nxh5 Qa5+ 11.
Qd2 Qxh5 12. Nf3 Nd7 13. Bd3 O-O 14. O-O Rfd8 15. Qb4 c5 16. dxc5 Nxc5 17. Be2 b6 18.
Rad1 Qf5 19. c3 Qc2 20. Rxd8+ Rxd8 21. Re1 Na4 22. Bb5 Nxb2 23. Re2 Qc1+ 24. Kh2 Bxc3 25. Qh4 Bf6 26. Qe4 Qc7+ 27. g3 Nd1 28. Kg2 Nc3 29. Rc2 Qc5 0-1

[Event "*** Titled Tuesday Blitz"]
[Site "Chess.com"]
[Date "2020.02.04"]
[Round "5"]
[White "2nd_life"]
[Black "vladimirdamjanovic"]
[Result "1-0"]
[WhiteElo "2446"]
[BlackElo "2605"]
[TimeControl "180+2"]
[EndTime "10:05:28 PST"]
[Termination "2nd_life won by checkmate"]

1. e4 c6 2. d4 d5 3. e5 Bf5 4.
h4 h5 5. Bd3 Bxd3 6. Qxd3 Qa5+ 7. Nd2 e6 8. Nf3 Ne7 9. b3 Nf5 10.
O-O Be7 11. g3 O-O 12. c4 Na6 13. a3 Rfd8 14. c5 b6 15. b4 Nxb4 16. Qc3 Na6 17. Qxa5 bxa5 18. Nb3 a4 19. Na5 Rdc8 20. Bg5 f6 21.
Bf4 Kf7 22. Rab1 Ke8 23. Rb7 Bd8 24. exf6 gxf6 25. Re1 Bxa5 26. Rxe6+ Kd8 27. Rxf6 Ng7 28. Rf8+ Ne8 29. Bg5# 1-0